 Dungeon Crawl Stone Soup version 0.32-a0-643-ga006e7742e (webtiles) character file.

Game seed: 13308990944451769561

113 ezpacito the Chopper (level 4, -3/35 HPs)
             Began as a Coglin Chaos Knight on Mar 7, 2024.
             Was a Plaything of Xom.
             Slain by an orc
             ... wielding a +0 war axe
              (4 damage)
             ... on level 3 of the Dungeon.
             The game lasted 00:03:01 (2330 turns).

ezpacito the Chopper (Coglin Chaos Knight)          Turns: 2330, Time: 00:03:01

Health: -3/35      AC:  8    Str: 13 (15) XL:     4   Next: 96%
Magic:  5/5        EV:  7    Int: 10 (11) God:    Xom [.....*]
Gold:   47         SH:  0    Dex: 10 (13) Spells: 4/4 levels left

rFire   . . .        a - +0 hand axe (chaos) {Esmond}
rCold   . . .        b - +2 short sword (drain) {Natsumi}
rNeg    . . .        c - +0 chain mail
rPois   .            (no helmet)
rElec   .            (no cloak)
rCorr   .            (no gloves)
SInv    .            (no boots)
Will    .....        (amulet unavailable) Stlth
                     (ring unavailable)
HPRegen 0.25/turn    (ring unavailable)
MPRegen 0.09/turn    (no gizmo)

%: no passive effects
@: lethally poisoned (-3 -> -19), revved
A: off-hand wielding, slow wielding, warmup strikes, no jewellery, evolution 1
a: Invent Gizmo, Renounce Religion


You were on level 3 of the Dungeon.
You worshipped Xom.
You were Xom's teddy bear.
You visited 1 branch of the dungeon, and saw 3 of its levels.

You collected 67 gold pieces.
You spent 20 gold pieces at shops.

Inventory:

Hand Weapons
 a - a +0 hand axe of chaos (weapon) {Esmond}
 b - a +2 short sword of draining (offhand) {Natsumi}
Armour
 c - a +0 chain mail (worn)
Scrolls
 i - 4 scrolls of identify
Potions
 g - a potion of enlightenment


   Skills:
 * Level 3.5 Fighting
 * Level 3.5(3.6) Axes
 + Level 1.1(2.3) Polearms
 * Level 2.5 Armour
 * Level 1.8 Dodging
 + Level 0.4 Stealth
 + Level 0.7 Spellcasting


You had 4 spell levels left.
You didn't know any spells.
Your spell library was empty.

Dungeon Overview and Level Annotations

Branches:
Dungeon (3/15)

Altars:
Elyvilon

Shops:
D:3 =?

Annotations:
D:3 Robin


Innate Abilities, Weirdness & Mutations

You can wield a second weapon in your off-hand.
It takes a long time for you to wield or remove held weapons.
Your first few attacks do less damage.
You cannot equip rings or amulets.
You have hidden genetic potential.


Message History

You hit the orc with your +0 hand axe of chaos.
You kill the orc!
You hit the orc but do no damage.
You feel sick.
The ribbon worm expels a string of sticky webbing.
The stream of webbing hits you but does no damage.
You are caught in a web!
The orc hits you but does no damage.
You are more poisoned.
You take 1 damage, and have 22/35 hp.
The web tears apart.
You feel sick. The orc barely misses you. The orc hits you but does no damage.
You take 2 damage, and have 20/35 hp.
You hit the orc with your +2 short sword of draining.
The orc is severely wounded.
You hit the orc with your +0 hand axe of chaos.
You burn the orc.
You kill the orc!
You hit the orc but do no damage.
You feel sick. The orc barely misses you.
You take 1 damage, and have 19/35 hp.
You barely miss the orc with your +2 short sword of draining.
You hit the orc but do no damage.
You barely miss the orc with your +0 hand axe of chaos.
You feel sick. The orc hits you with a +0 war axe.
The orc hits you with a +0 dagger of venom.
You are lethally poisoned!
You take 7 damage, and have 12/35 hp.
You hit the orc but do no damage. x3; You drain the orc.
* * * LOW HITPOINT WARNING * * *
You feel very sick. The orc hits you with a +0 war axe.
* * * LOW HITPOINT WARNING * * *
The orc hits you with a +0 dagger of venom.
* * * LOW HITPOINT WARNING * * *
You are more poisoned.
You take 7 damage, and have 5/35 hp.
Okay, then.
Something appears at your feet!
* * * LOW HITPOINT WARNING * * *
You feel very sick. The orc barely misses you.
The orc hits you with a +0 war axe.
You die...

#################
###
......o@........#
#..
....##o##.....#.#
#.. . #..
##.ß..#.# #..
#... ##.....# #..
#....
##....######..
#....#
##...'.......
#.....#
#...########
#.._..#
#.####......
#..###.#####


You could see 2 orcs.

Vanquished Creatures
  A sleepcap (D:3)
  2 adders (D:2)
  A dart slug (D:2)
  2 ribbon worms (D:2)
  4 orcs (D:3)
  4 bats
  5 endoplasms
  8 goblins
  6 hobgoblins
  4 kobolds
  5 quokkas
  5 ball pythons
  4 frilled lizards
  8 rats
59 creatures vanquished.

Notes
Turn   | Place    | Note
-------+----------+-------------------------------------------
     0 | D:1      | ezpacito the Coglin Chaos Knight began the quest for the
                  | Orb.
     0 | D:1      | Reached XP level 1. HP: 18/18 MP: 1/1
    97 | D:1      | Reached skill level 1 in Dodging
   141 | D:1      | Reached XP level 2. HP: 23/24 MP: 2/2
   163 | D:1      | XOM: silly message
   289 | D:1      | XOM: divination: detect creatures
   408 | D:1      | XOM: silly message
   780 | D:2      | XOM: silly message
   813 | D:2      | Reached XP level 3. HP: 25/29 MP: 3/3
   848 | D:2      | XOM: summons 1 hostile demon
   934 | D:2      | XOM is BORED!
   934 | D:2      | XOM: 3-stop teleportation journey
  1400 | D:2      | Reached XP level 4. HP: 25/35 MP: 4/4
  1751 | D:3      | Found Rouh's Jewellery Shoppe.
  1788 | D:3      | Noticed Terence
  1794 | D:3      | XOM: summons 1 hostile demon
  1942 | D:2      | Terence changed into Terence the dart slug
  1942 | D:2      | Noticed Terence
  1943 | D:2      | Killed Terence the dart slug
  1965 | D:2      | Identified a scroll of acquirement
  1979 | D:3      | Reached skill level 1 in Polearms
  1998 | D:3      | XOM: divination: magic mapping
  2058 | D:3      | Found Wagodwerur's Magic Scroll Shop.
  2065 | D:3      | Bought a scroll of identify for 20 gold pieces
  2170 | D:3      | Found a white marble altar of Elyvilon.
  2174 | D:3      | Noticed Robin
  2177 | D:3      | XOM: enchant monster (good)
  2274 | D:3      | XOM: give mutation
  2274 | D:3      | Gained mutation: You have hidden genetic potential. [Xom's
                  | mischief]
  2319 | D:3      | Found a faded altar of an unknown god.
  2330 | D:3      | Acquired the +3 pair of boots of Light {Str-4 Dex+2 Slay+5}
  2330 | D:3      | HP: 1/35 [poisoned by an orc]
  2330 | D:3      | Slain by an orc

Illustrated notes

Levels and vault maps discovered:
D:1:      hellmonk_arrival_library, layout_loops_ring
D:2:      layout_rooms, serial_co_window_serial, co_window_of_opportunity_a,
          co_window_corner_a, co_window_paths_b, co_window_corner_a,
          co_window_paths_a, co_window_paths_a, co_window_unsneaky_path_e,
          co_window_broadway_c, co_window_2corner, co_window_4corner_b,
          co_window_4corner_a, glass_columns_a, glass_columns_b, glass_columns_c
D:3:      layout_basic, elyvilon_altar_5, nicolae_overflow_ecumenical_swirl,
          serial_shops, shop, shop, nicolae_shop_hallway_plus, shop,
          uniq_terence, uniq_robin

Skill      XL: |  1  2  3  4 |
---------------+-------------+-----
Armour         | 2 |  2.5
Dodging        | 1 |  1.8
Polearms       | 1 |  1.1
Fighting       | |  3.5
Axes           | |  3.5
Stealth        | |  0.4
Spellcasting   | |  0.7

Action                     |  1- 3 |  4- 6 || total
---------------------------+-------+-------++-------
  Melee: Hand axe          |    69 |    51 ||   120
         Dagger            |    64 |    28 ||    92
         Short sword       |       |    22 ||    22
    Use: Potion            |     2 |     2 ||     4
         Scroll            |       |     6 ||     6
   Stab: Confused          |     1 |       ||     1
         Paralysed         |       |     2 ||     2
 Armour: Leather armour    |    41 |    25 ||    66
         Chain mail        |       |    51 ||    51
  Dodge: Dodged            |    34 |    28 ||    62

Table legend: (Time is in decaauts)
 A = Elapsed time spent in this place.
 B = Non-inter-level travel time spent in this place.
 C = Inter-level travel time spent in this place.
 D = Time resting spent in this place.
 E = Time spent auto-exploring this place.
 F = Levels seen in this place.
 G = Mean time per level.
                   A        B        C        D        E       F      G
               +--------+--------+--------+--------+--------+-----+--------+
         Total |   2352 |   2298 |     54 |    162 |   1714 |   3 |  784.0 |
       Dungeon |   2352 |   2298 |     54 |    162 |   1714 |   3 |  784.0 |
               +--------+--------+--------+--------+--------+-----+--------+

Top non-repeatable levels by time:
     D:2: 1229 daAuts
     D:1: 689 daAuts
     D:3: 434 daAuts
